 Dungeon Crawl Stone Soup version 0.30-a0-297-g0ec75d9ef4 (console) character file.

Game seed: 3305900730906291539

30279 jejorda2 the Impaler (level 13, -4/148 HPs)
             Began as a Merfolk Berserker on Oct 18, 2022.
             Was an Elder of Trog.
             Slain by a hell knight
             ... wielding a +2 war axe
              (26 damage)
             ... in a volcano.
             The game lasted 00:38:30 (15182 turns).

jejorda2 the Impaler (Merfolk Berserker)           Turns: 15182, Time: 00:38:31

Health: -4/148     AC: 17    Str: 21    XL:     13   Next: 50%
Magic:  4/4        EV: 12    Int:  8    God:    Trog [****..]
Gold:   665        SH:  0    Dex: 13    Spells: 12/12 levels left

rFire   + . .      SeeInvis .    T - +3 glaive (antimagic)
rCold   . . .      Faith    +    (shield currently unavailable)
rNeg    . . .      Spirit   .    S - +2 chain mail {rF+}
rPois   .          Reflect  .    D - +0 helmet
rElec   .          Harm     .    x - +0 cloak
rCorr   .          Rampage  .    n - +2 pair of gloves
Will    ++...                    (no boots)
Stlth   ..........               E - amulet of faith
HPRegen 1.44/turn                (no ring)
MPRegen 0.09/turn                (no ring)

@: berserking (expiring), strong-willed, regenerating, very quick
A: (nimble swimmer 2), mertail
a: Renounce Religion, Berserk, Trog's Hand, Brothers in Arms


You were in a volcano.
You worshipped Trog.
Trog was greatly pleased with you.
You visited 2 branches of the dungeon, and saw 13 of its levels.
You also visited: Sewer, Bailey and Volcano.

You collected 890 gold pieces.
You spent 225 gold pieces at shops.

Inventory:

Hand Weapons
 a - a +2 glaive of flaming
 t - the +9 dagger of Perfectionism {flame, rPois Str+2 SInv}
   (You found it on level 3 of the Dungeon)

   It burns those it strikes, dealing additional fire damage.
   Str:       It affects your strength (+2).
   rPois:     It protects you from poison.
   SInv:      It lets you see invisible.
 z - a +3 trident
 T - a +3 antimagic glaive (weapon)
Missiles
 b - 12 curare-tipped darts
 d - 137 stones
 v - 22 boomerangs
 w - 35 poisoned darts (quivered)
 y - 4 atropa-tipped darts
 F - 4 datura-tipped darts
Armour
 n - a +2 pair of gloves (worn)
 x - a +0 cloak (worn)
 D - a +0 helmet (worn)
 H - a +0 plate armour
 S - a +2 chain mail of fire resistance (worn)
Jewellery
 E - an amulet of faith (around neck)
Wands
 j - a wand of polymorph (5)
 B - a wand of digging (14)
 K - a wand of paralysis (25)
 M - a wand of flame (25)
 R - a wand of acid (4)
Scrolls
 g - a scroll of poison
 h - a scroll of summoning
 k - 4 scrolls of teleportation
 p - 3 scrolls of fog
 s - 2 scrolls of blinking
 A - 2 scrolls of immolation
 G - 4 scrolls of vulnerability
 I - 2 scrolls of enchant weapon
 N - a scroll of enchant armour
 O - 2 scrolls of identify
 P - a scroll of silence
 Q - 2 scrolls of fear
Potions
 c - 3 potions of heal wounds
 e - a potion of lignification
 f - 2 potions of attraction
 i - 4 potions of magic
 l - 6 potions of curing
 m - a potion of invisibility
 o - 7 potions of might
 q - 2 potions of flight
 r - 3 potions of cancellation
 u - a potion of resistance
 C - a potion of berserk rage
 L - 3 potions of haste
Miscellaneous
 J - a condenser vane


   Skills:
 + Level 8.5 Fighting
 - Level 20.0 Polearms
 + Level 8.8 Throwing
 - Level 6.0 Armour
 + Level 11.8 Dodging


You had 12 spell levels left.
You didn't know any spells.
Your spell library was empty.

Dungeon Overview and Level Annotations

Branches:
Dungeon (10/15)            Temple (0/1) D:5            Lair (3/5) D:8
  Swamp (0/4) Lair:3       Spider (0/4) Lair:2          Orc (0/2) D:10
  Sewer (visited)          Bailey (visited)         Volcano (1/1)

Altars:
Kikubaaqudgha
Qazlal

Shops:
D:4 :   D:6 ?   D:7 **   D:8 (   D:10 *


Innate Abilities, Weirdness & Mutations

((You are very nimble when in or above water. (Stealth+, EV+, Speed+++)))
Your lower body shifts to a powerful aquatic tail in water.


Message History

The molten gargoyle blasts magma at you!
The bolt of magma hits the molten gargoyle!
The molten gargoyle partially resists.
The bolt of magma misses you.
You hit the molten gargoyle.
The molten gargoyle is heavily damaged.
You slash the molten gargoyle!
The molten gargoyle is almost destroyed.
The molten gargoyle blasts magma at you!
The bolt of magma hits you!! You partially resist.
The bolt of magma hits your ogre!!
The molten gargoyle blasts magma at you!
The bolt of magma misses the molten gargoyle.
The bolt of magma hits you! You partially resist.
You slice the molten gargoyle!!
You destroy the molten gargoyle!
Trog accepts your kill.
Your ogre closely misses the hell knight.
The hell knight hits your ogre with a +2 war axe!!
Your ogre dies!
Your ogre's corpse disappears in a puff of smoke!
The hell knight hits you but does no damage.
You slash the molten gargoyle!
The molten gargoyle is almost destroyed.
The molten gargoyle hits you with a +0 mace.
You are engulfed in flames.
You resist.
You slice the molten gargoyle!!
You destroy the molten gargoyle!
Trog accepts your kill.
The hell knight hits you with a +2 war axe.
You hit the hell knight but do no damage.
The hell knight is severely wounded.
The hell knight hits you with a +2 war axe!
* * * LOW HITPOINT WARNING * * *
The molten gargoyle blasts magma at you!
The bolt of magma hits you! You partially resist.
* * * LOW HITPOINT WARNING * * *
You barely miss the hell knight.
The hell knight is severely wounded.
The hell knight hits you with a +2 war axe!!
You die...

$$ ###
)...#..##
##..p§# #..
#@## #.§.##))#
####..#~9#.#
#≈≈≈.#~~~§#.##
#..
#≈§§§#~~~~#..##
#..
#≈###§§~~~~#..#
#..###
#≈#*#§§§§~~~..+
####..##8
#≈###§~~§~~~#.+
#8...8.+.
#≈#~~~~~~§~~..#
#......+.


You could see a hell knight (fast) and a molten gargoyle.

Vanquished Creatures
  Snorg (D:10)
  A boulder beetle (Lair:1)
  A two-headed ogre (D:9)
  2 orc knights
  A deep elf pyromancer (Volcano)
  2 cyclopes
  A salamander (Volcano)
  A black mamba (Lair:1)
  3 molten gargoyles (Volcano)
  2 gargoyles (Volcano)
  2 cane toads (Lair:1)
  A rime drake (Lair:3)
  3 komodo dragons
  2 trolls (D:10)
  6 blink frogs (Lair:2)
  A shadow (D:10)
  5 wyverns
  2 basilisks
  36 yaks
  A steam dragon (D:9)
  8 water moccasins
  An ice beast (D:7)
  6 orc warriors
  4 black bears
  4 ogres
  3 wolves (Lair:3)
  A centaur (D:9)
  A phantom (D:4)
  8 kobold brigands
  2 necrophages (D:5)
  A gnoll sergeant (D:7)
  10 bullfrogs
  8 scorpions
  12 wights
  16 killer bees
  4 howler monkeys
  A hound (D:5)
  A jelly (D:4)
  4 orc priests (D:10)
  Crazy Yiuf (D:4)
  8 iguanas
  3 orc wizards
  12 gnolls
  13 adders
  A river rat (D:4)
  2 shadow imps
  A white imp (D:7)
  2 ufetubi
  4 worms
  2 dart slugs
  40 orcs
  13 ball pythons
  8 endoplasms
  13 giant cockroaches
  11 goblins
  9 hobgoblins
  10 jackals (D:1)
  4 quokkas
  4 bats (D:2)
  10 frilled lizards
  28 kobolds
  14 rats
382 creatures vanquished.

Vanquished Creatures (collateral kills)
  A yak (Lair:3)
  3 wolves (Lair:3)
4 creatures vanquished.

Vanquished Creatures (others)
  25 fungi
  26 plants
51 creatures vanquished.

Grand Total: 437 creatures vanquished

Notes
Turn   | Place    | Note
-------+----------+-------------------------------------------
     0 | D:1      | jejorda2 the Merfolk Berserker began the quest for the Orb.
     0 | D:1      | Reached XP level 1. HP: 18/18 MP: 1/1
    56 | D:1      | Reached XP level 2. HP: 24/24 MP: 2/2
   406 | D:1      | Reached XP level 3. HP: 25/29 MP: 3/3
   676 | D:1      | Reached ** piety under Trog
   893 | D:1      | Reached skill level 5 in Polearms
  1479 | D:2      | Reached XP level 4. HP: 24/37 MP: 2/4
  1849 | D:2      | Reached skill level 6 in Polearms
  1849 | D:2      | Reached XP level 5. HP: 26/42 MP: 3/5
  2342 | D:3      | Identified the +9 dagger of Perfectionism {flame, rPois
                  | Str+2 SInv}
  2907 | D:4      | Reached *** piety under Trog
  2934 | D:4      | Found Saena's Tremendous Tomes.
  2939 | D:4      | Reached XP level 6. HP: 44/49 MP: 6/6
  2970 | D:4      | Found a glowing drain.
  3026 | Sewer    | Entered a sewer
  3042 | Sewer    | Reached skill level 7 in Polearms
  3477 | D:4      | Found a runed translucent door.
  3478 | D:4      | Noticed Crazy Yiuf
  3486 | D:4      | Killed Crazy Yiuf
  3487 | D:4      | Reached XP level 7. HP: 55/55 MP: 5/7
  3569 | D:4      | Reached skill level 5 in Fighting
  3592 | D:4      | Reached skill level 8 in Polearms
  4007 | D:5      | Entered Level 5 of the Dungeon
  4043 | D:5      | Reached skill level 9 in Polearms
  4142 | D:5      | Reached XP level 8. HP: 54/64 MP: 6/8
  4512 | D:5      | Reached **** piety under Trog
  4588 | D:5      | Found a staircase to the Ecumenical Temple.
  4623 | D:5      | Reached skill level 10 in Polearms
  4641 | D:5      | Found a stormy altar of Qazlal.
  4642 | D:5      | Noticed a water elemental
  4647 | D:5      | Noticed an air elemental
  4902 | D:5      | Found an ancient bone altar of Kikubaaqudgha.
  5215 | D:6      | Found Ucask's Magic Scroll Boutique.
  5950 | D:7      | Reached skill level 11 in Polearms
  6088 | D:7      | Reached XP level 9. HP: 23/69 MP: 3/9
  6322 | D:7      | Reached skill level 12 in Polearms
  6348 | D:7      | Reached skill level 5 in Armour
  6734 | D:7      | Found Hirue's General Store.
  6735 | D:7      | Found Zoegoc's Specific Store.
  6745 | D:7      | Bought 2 scrolls of magic mapping for 225 gold pieces
  7265 | D:8      | Found Odeofism's Antique Weapon Boutique.
  7313 | D:8      | Reached skill level 13 in Polearms
  7372 | D:8      | Found a staircase to the Lair.
  7383 | D:8      | Noticed a komodo dragon
  7400 | D:8      | Reached skill level 14 in Polearms
  7400 | D:8      | Reached XP level 10. HP: 21/76 MP: 10/10
  7437 | D:8      | Found a flagged portal.
  7478 | Bailey   | Entered a bailey
  7734 | Bailey   | Reached skill level 1 in Throwing
  7848 | Bailey   | Noticed an orc knight
  7857 | Bailey   | Killed an orc knight
  7858 | Bailey   | Reached skill level 15 in Polearms
  7952 | Bailey   | Found a bloodstained altar of Trog.
  8398 | D:8      | Reached skill level 5 in Dodging
  8842 | D:9      | Noticed a two-headed ogre
  8860 | D:9      | Killed a two-headed ogre
  9219 | D:9      | Reached XP level 11. HP: 76/81 MP: 11/11
  9237 | D:9      | Reached skill level 16 in Polearms
  9521 | D:9      | Reached skill level 5 in Throwing
  9758 | D:9      | Noticed a cyclops
  9770 | D:9      | Killed a cyclops
 10292 | D:10     | Entered Level 10 of the Dungeon
 10292 | D:10     | Noticed Snorg
 10303 | D:10     | Killed Snorg
 10569 | D:10     | Reached skill level 19 in Polearms
 10569 | D:10     | Reached XP level 12. HP: 88/88 MP: 12/12
 10646 | D:10     | Identified the +2 war axe "Giaseeme" {holy, Int+4}
 10698 | D:10     | Identified the +9 rapier of Dofiluh {protect, Dex+7 SInv
                  | Stlth+}
 10880 | D:10     | Reached ***** piety under Trog
 11806 | D:10     | Found Usamasch's General Store.
 11891 | D:10     | Found a staircase to the Orcish Mines.
 12042 | Lair:1   | Entered Level 1 of the Lair of Beasts
 12204 | Lair:1   | Noticed a boulder beetle
 12221 | Lair:1   | Killed a boulder beetle
 13241 | Lair:2   | Reached skill level 20 in Polearms
 13280 | Lair:2   | Received a gift from Trog
 13482 | Lair:2   | Found a hole to the Spider Nest.
 13624 | Lair:2   | Reached skill level 10 in Dodging
 13667 | Lair:2   | Reached XP level 13. HP: 81/95 MP: 4/13
 14597 | Lair:3   | Found a dark tunnel.
 14641 | Volcano  | Entered a volcano
 15052 | Volcano  | Noticed an orb of fire
 15150 | Volcano  | Noticed an orb of fire
 15182 | Volcano  | Slain by a hell knight

Illustrated notes

Levels and vault maps discovered:
D:1:      evilmike_arrival_crescent, layout_loops_ring,
          nicolae_concentric_dashed_squares_wild
D:2:      minmay_angry_zag, layout_basic
D:3:      layout_basic, minmay_unequal
D:4:      layout_rooms, portal_sewer_entry_a, kennysheep_flooded_box,
          nicolae_shop_i_like_big_books, uniq_crazy_yiuf_cottage
D:5:      layout_cave_pools, nicolae_qazlal_style_of_elements,
          kennysheep_mini_moat, minmay_temple_entry_ruins, minivault_27
D:6:      layout_loops_ring, nicolae_take_the_stairs
D:7:      layout_layer_cave, nicolae_specific_store
D:8:      layout_basic, due_lair_maze_entry_diamond,
          lightli_bailey_entry_fortress, serial_shops, nicolae_square_shop
D:9:      layout_basic, grunt_ministairs_7, hangedman_decor_opposing
D:10:     layout_layer_cave, hiddenorc1_lemuel, serial_shops, kennysheep_mini,
          nicolae_hexahallways, uniq_snorg
Lair:1:   layout_loops_ring, eino_small_chamber_without_monster,
          lemuel_fruit_tree, grunt_megastairs_5
Lair:2:   layout_cave_pods, nicolae_spider_entry_non_spiders,
          chequers_serial_rivers_large_a, lemuel_fruit_fields
Lair:3:   layout_misc_corridors, skrybe_swamp_entry_bodies, enter_volcano_1,
          serial_bayou_shore_b, uniq_sonja
Volcano:  hellmonk_zot_springs

Skill      XL: |  1  2  3  4  5  6  7  8  9 10 11 12 13 |
---------------+----------------------------------------+-----
Polearms       | 5 6 7 9 11 14 15 19 20 | 20.0
Armour         | 2 3 4 5 6 |  6.0
Fighting       | 4 5 6 8 |  8.5
Dodging        | 6 8 10 11 | 11.8
Throwing       | 4 5 7 8 |  8.8

Action                   |  1- 3 |  4- 6 |  7- 9 | 10-12 | 13-15 || total
-------------------------+-------+-------+-------+-------+-------++-------
Melee: Spear             |   150 |    14 |       |       |       ||   164
       Punch             |     4 |       |       |       |       ||     4
       Halberd           |       |   231 |   386 |   507 |       ||  1124
       Tailslap          |       |     6 |       |     4 |     2 ||    12
       Glaive            |       |       |       |    28 |   184 ||   212
Throw: Stone             |       |       |     7 |       |       ||     7
       Boomerang         |       |       |       |     4 |       ||     4
       Dart              |       |       |       |    36 |       ||    36
Invok: Berserk           |     1 |     5 |     8 |    12 |     2 ||    28
       Trog's Hand       |       |     2 |     3 |     4 |     5 ||    14
       Brothers in Arms  |       |       |       |     1 |     2 ||     3
Evoke: Condenser vane    |       |       |       |     1 |       ||     1
  Use: Scroll            |       |     7 |    13 |     9 |     2 ||    31
       Potion            |       |       |     5 |     2 |     2 ||     9
 Stab: Sleeping          |     2 |       |       |       |       ||     2
Armor: Animal skin       |     8 |       |       |       |       ||     8
       Ring mail         |    16 |    28 |   124 |       |       ||   168
       Scale mail        |       |    63 |       |       |       ||    63
       Plate armour      |       |       |     5 |   191 |    80 ||   276
       Chain mail        |       |       |       |       |     3 ||     3
Dodge: Dodged            |    51 |   151 |   217 |   158 |    71 ||   648

Table legend: (Time is in decaauts)
 A = Elapsed time spent in this place.
 B = Non-inter-level travel time spent in this place.
 C = Inter-level travel time spent in this place.
 D = Time resting spent in this place.
 E = Time spent auto-exploring this place.
 F = Levels seen in this place.
 G = Mean time per level.
                   A        B        C        D        E       F      G
               +--------+--------+--------+--------+--------+-----+--------+
         Total |  15112 |  14555 |    557 |   1763 |  10035 |  16 |  944.5 |
       Dungeon |  11275 |  10807 |    468 |   1033 |   7775 |  10 | 1127.5 |
          Lair |   2520 |   2431 |     89 |    256 |   1814 |   3 |  840.0 |
         Sewer |    301 |    301 |      0 |     32 |    124 |   1 |  301.0 |
        Bailey |    499 |    499 |      0 |    218 |    133 |   1 |  499.0 |
       Volcano |    515 |    515 |      0 |    223 |    188 |   1 |  515.0 |
               +--------+--------+--------+--------+--------+-----+--------+

Top non-repeatable levels by time:
    D:10: 1667 daAuts
     D:9: 1384 daAuts
     D:7: 1289 daAuts
  Lair:2: 1287 daAuts
     D:8: 1214 daAuts
     D:2: 1152 daAuts
  Lair:1: 1088 daAuts
     D:4: 1039 daAuts
     D:1: 978 daAuts
     D:6: 925 daAuts
     D:5: 916 daAuts
     D:3: 707 daAuts
 Volcano: 515 daAuts
  Bailey: 499 daAuts
   Sewer: 301 daAuts
